 Dungeon Crawl Stone Soup version 0.19-a0-459-gb8ed64d (webtiles) character file.

143 eoe the Conjurer (level 5, -6/45 HPs)
             Began as a Draconian Conjurer on June 2, 2016.
             Was a Follower of Nemelex Xobeh.
             Killed by divine providence
             ... invoked by an orc priest
              (8 damage)
             ... on level 3 of the Dungeon.
             The game lasted 00:22:12 (3225 turns).

eoe the Conjurer (Draconian Conjurer)               Turns: 3225, Time: 00:22:13

Health: -6/45      AC:  5    Str: 11    XL:     5   Next: 4%
Magic:  1/8        EV: 12    Int: 16    God:    Nemelex Xobeh [*.....]
Gold:   170        SH:  0    Dex: 11    Spells: 1 memorised, 7 levels left

rFire  . . .     SeeInvis .     f - +0 dagger
rCold  . . .     Gourm    .     (armour unavailable)
rNeg   . . .     Faith    .     (no shield)
rPois  .         Spirit   .     (helmet restricted)
rElec  .         Dismiss  .     (no cloak)
rCorr  .         Reflect  .     (no gloves)
SustAt .         Harm     .     (no boots)
MR     .....                    (no amulet)
Stlth  ++........               (no ring)
                                (no ring)

@: not resistant to hostile enchantments, unstealthy
A: unfitting armour, cold-blooded, AC +5
a: Renounce Religion


You were on level 3 of the Dungeon.
You worshipped Nemelex Xobeh.
Nemelex Xobeh was aware of your devotion.
You were not hungry.

You visited 1 branch of the dungeon, and saw 3 of its levels.

You collected 170 gold pieces.

Inventory:

Hand Weapons
 f - a +0 dagger (weapon)
 q - a +0 club
Jewellery
 d - an uncursed ring of wizardry {unknown}
 h - an uncursed amulet of magic regeneration {unknown}
Scrolls
 c - a scroll of immolation {unknown}
 i - a scroll of random uselessness {unknown}
 j - a scroll of teleportation {unknown}
 l - 3 scrolls of identify {unknown}
 n - a scroll of enchant armour {unknown}
 o - a scroll of enchant weapon {unknown}
Potions
 e - a potion of mutation {unknown}
 g - 2 potions of flight {unknown}
 k - a potion of heal wounds {unknown}
 m - a potion of might {unknown}
 p - 4 potions of curing {unknown}
Books
 a - a book of Conjurations

   Spells                             Type                      Level
   a - Magic Dart                     Conjuration                  1
   b - Searing Ray                    Conjuration                  2
   c - Dazzling Spray                 Conjuration/Hexes            3
   d - Fulminant Prism                Conjuration/Hexes            4
   e - Iskenderun's Mystic Blast      Conjuration                  4
   f - Iskenderun's Battlesphere      Conjuration/Charms           5
Miscellaneous
 r - a plain deck of war {drawn: 3}


   Skills:
 - Level 3.2 Fighting
 - Level 1.7 Dodging
 + Level 2.7 Stealth
 + Level 2.0 Spellcasting
 - Level 5.0 Conjurations


You had 7 spell levels left.
You knew the following spells:

 Your Spells              Type           Power        Failure   Level  Hunger
a - Magic Dart            Conj           ###.         2%          1    #......


Dungeon Overview and Level Annotations

Branches:
Dungeon (3/15)

Altars:
Dithmenos
Kikubaaqudgha
Nemelex Xobeh
Ru
The Shining One

Annotations:
D:2 Natasha


Innate Abilities, Weirdness & Mutations

Your plain brown scales are hard. (AC +5)
Your body does not fit into most forms of armour.
You are cold-blooded and may be slowed by cold attacks.


Message History

The magic dart hits you!
* * * LOW HITPOINT WARNING * * *
Your insubstantial wisp completely misses the insubstantial wisp.
Your insubstantial wisp thrums sharply.
The air around your insubstantial wisp crackles with electrical energy.
You hear some strange, mumbled words.
Something tries to affect you, but you resist.
Casting: Magic Dart
Confirm with . or Enter, or press ? or * to list all spells.
Aiming: Magic Dart
Press: ? - help, Shift-Dir - straight line, f/p - orc
Aim: an orc, wielding a club and wearing a scale mail The magic dart hits the orc.
The insubstantial wisp hits you.
* * * LOW HITPOINT WARNING * * *
Your insubstantial wisp closely misses the insubstantial wisp. x2
The insubstantial wisp completely misses you.
The orc priest calls down the wrath of Beogh upon you.
Beogh smites you!
You die...
Your body disappears without a glow.

####### #.....#
#.....# #.....#
#.....# #....o####
#..v..o).#
#.vvo.#.)###### ..
#.@..o#.......#....
########....o......
#..####...... #>##
##...# ##.# ....
#..# .## #.## . #.#
.. #.#


You could see an insubstantial wisp, an orc priest, 3 orcs and 2 friendly
insubstantial wisps.

Vanquished Creatures
  Ijyb (D:2)
  Natasha (D:2)
  4 adders
  3 dart slugs
  A giant gecko (D:3)
  2 orcs (D:3)
  2 giant cockroaches (D:1)
  9 goblins
  6 hobgoblins
  2 ball pythons (D:2)
  5 bats
  4 giant newts
  6 kobolds
  6 rats
52 creatures vanquished.

Vanquished Creatures (collateral kills)
  An orc (D:3)
1 creature vanquished.

Vanquished Creatures (others)
  A withered plant (D:3)
1 creature vanquished.

Grand Total: 54 creatures vanquished

Notes
Turn   | Place    | Note
--------------------------------------------------------------
     0 | D:1      | eoe the Draconian Conjurer began the quest for the Orb.
     0 | D:1      | Reached XP level 1. HP: 14/14 MP: 3/3
   490 | D:1      | Reached XP level 2. HP: 22/22 MP: 1/5
   917 | D:1      | Reached skill level 1 in Fighting
  1249 | D:2      | Noticed Natasha
  1260 | D:2      | Killed Natasha
  1260 | D:2      | Reached XP level 3. HP: 18/29 MP: 1/6
  1516 | D:2      | Reached skill level 5 in Conjurations
  1792 | D:2      | Found a glowing golden altar of the Shining One.
  1802 | D:2      | Noticed Ijyb
  1843 | D:2      | Killed Ijyb
  1843 | D:2      | Reached XP level 4. HP: 8/37 MP: 1/7
  1915 | D:2      | Became a worshipper of the Shining One
  2300 | D:2      | Found a sacrificial altar of Ru.
  2316 | D:2      | Noticed Natasha
  2707 | D:3      | Found a faded altar of an unknown god.
  2743 | D:3      | Fell from the grace of the Shining One
  2743 | D:3      | Became a worshipper of Nemelex Xobeh the Trickster
  2743 | D:3      | Received a gift from Nemelex Xobeh
  2743 | D:3      | Reached * piety under Nemelex Xobeh
  2915 | D:3      | Found an ancient bone altar of Kikubaaqudgha.
  3099 | D:3      | Found a shadowy altar of Dithmenos.
  3180 | D:3      | Reached XP level 5. HP: 45/45 MP: 5/8
  3217 | D:3      | Noticed an insubstantial wisp
  3224 | D:3      | HP: 2/45 [insubstantial wisp[the player character] (5)]
  3225 | D:3      | Killed from afar by an orc priest

Vault maps used:
D:1:      dpeg_arrival_tiny_f
D:2:      tso_metal_star, lemuel_crystal_altar, grunt_ministairs_9, uniq_iyjb,
          uniq_natasha
D:3:      kiku_gazebo_garden_becter, nicolae_dithmenos_through_a_glass_darkly,
          ecumenical_altar_2, fedhas_altar_3

Skill      XL: |  1  2  3  4 |
---------------+-------------+-----
Fighting       | 2 3 |  3.2
Conjurations   | 5 |  5.0
Stealth        | 2 |  2.7
Dodging        | |  1.7
Spellcasting   | |  2.0

Action                   |  1- 3 |  4- 6 || total
-------------------------+-------+-------++-------
Melee: Unarmed           |    14 |       ||    14
       Tailslap          |    10 |    19 ||    29
       Dagger            |    42 |    85 ||   127
 Cast: Magic Dart        |    61 |    50 ||   111
Evoke: Deck              |       |     3 ||     3
  Eat: Chunk             |     1 |     4 ||     5
       Bread ration      |     1 |       ||     1
Armor: Skin              |    19 |     8 ||    27
Dodge: Dodged            |    36 |    30 ||    66
